 Dungeon Crawl Stone Soup version 0.18.1-48-g4cf74bf (webtiles) character file.

7467 rockintein the Cleaver (level 10, -3/141 HPs)
             Began as a Minotaur Berserker on July 7, 2016.
             Was a High Priest of Trog.
             Slain by a red ugly thing (8 damage)
             ... on level 10 of the Dungeon.
             The game lasted 00:17:56 (8475 turns).

rockintein the Cleaver (Minotaur Berserker)         Turns: 8475, Time: 00:17:58

Health: -3/141     AC: 24    Str: 31    XL:     10   Next: 94%
Magic:  9/9        EV: 10    Int:  7    God:    Trog [*****.]
Gold:   526        SH:  3    Dex: 13    Spells: 0 memorised, 9 levels left

rFire  x . .     SeeInvis .     C - +1 battleaxe
rCold  + . .     Gourm    .     B - +7 chain mail "Joromel" {Int+3 Dex+4}
rNeg   . . .     Faith    .     (shield currently unavailable)
rPois  .         Spirit   .     (helmet restricted)
rElec  .         Dismiss  .     x - +1 cloak
rCorr  .         Reflect  +     e - +0 pair of gloves
SustAt +         Harm     .     t - +0 pair of boots
MR     ++...                    w - +3 amulet of reflection
Stlth  ..........               h - ring of ice
                                j - ring of sustain attributes

@: berserking, regenerating, very quick, very resistant to hostile enchantments,
extremely unstealthy
A: retaliatory headbutt, horns 2
a: Berserk, Trog's Hand, Brothers in Arms, Burn Spellbooks, Renounce Religion


You were on level 10 of the Dungeon.
You worshipped Trog.
Trog was extremely pleased with you.
You were hungry.

You visited 1 branch of the dungeon, and saw 10 of its levels.

You collected 610 gold pieces.
You spent 84 gold pieces at shops.

Inventory:

Hand Weapons
 l - a +1 war axe
 C - a +1 battleaxe (weapon)
 M - a +1 hand axe of chopping
Armour
 e - a +0 pair of gloves (worn)
 t - a +0 pair of boots (worn)
 x - a +1 cloak (worn)
 B - the +7 chain mail "Joromel" (worn) {Int+3 Dex+4}
   (You found it on level 8 of the Dungeon)

   It affects your intelligence (+3).
   It affects your dexterity (+4).
Jewellery
 h - a ring of ice (right hand)
 j - a ring of sustain attributes (left hand)
 w - a +3 amulet of reflection (around neck)
 G - a +2 ring of protection {unknown}
Wands
 p - a wand of disintegration (13/24)
 y - a wand of iceblast (2/15)
 D - a wand of digging (7/24)
 K - a wand of disintegration (12/24)
Scrolls
 a - 3 scrolls of remove curse
 b - 2 scrolls of enchant armour
 g - 3 scrolls of teleportation
 k - 5 scrolls of blinking
 n - 3 scrolls of magic mapping
 r - 13 scrolls of identify
 u - 3 scrolls of fog
 z - a scroll of random uselessness
 A - 2 scrolls of recharging
 H - a scroll of enchant weapon
Potions
 f - a potion of flight
 o - a potion of agility
 q - a potion of berserk rage
 v - 2 potions of curing
 E - 2 potions of haste
 F - a potion of resistance {unknown}
 J - a potion of brilliance
 N - a potion of heal wounds
Books
 m - a Young Poisoner's Handbook

   Spells                             Type                      Level
   a - Sting                          Conjuration/Poison           1
   b - Cure Poison                    Poison                       2
   c - Mephitic Cloud                 Conjuration/Poison/Air       3
   d - Olgreb's Toxic Radiance        Poison                       4
   e - Venom Bolt                     Conjuration/Poison           5
   Trog disapproves of the use of such an item.
Comestibles
 c - 5 bread rations
 d - 3 meat rations
 i - 13 fruits
 s - a royal jelly
 I - 2 beef jerkies
 L - 5 chunks of flesh


   Skills:
 + Level 10.8 Fighting
 * Level 14.0 Axes
 + Level 10.3 Armour
 - Level 2.1 Dodging


You had 9 spell levels left.
You didn't know any spells.

Dungeon Overview and Level Annotations

Branches:
Dungeon (10/15)            Temple (0/1) D:4            Lair (0/8) D:9
    Orc: D:9-12

Altars:
Ashenzari
Fedhas
Gozag
Kikubaaqudgha
Makhleb
Nemelex Xobeh
Pakellas
Qazlal
Yredelemnul
Zin

Shops:
D:6 !


Innate Abilities, Weirdness & Mutations

You reflexively headbutt those who attack you in melee.
You have a pair of horns on your head.


Message History

Your skin crawls.
You feel resistant to hostile enchantments.
You are feeling hungry.
The red ugly thing tentacle-slaps you but does no damage.
A red film seems to cover your vision as you go berserk!
You feel yourself moving faster!
You feel mighty!
You feel somewhat more hungry.
The red ugly thing tentacle-slaps you but does no damage.
You slash the red ugly thing! You headbutt the red ugly thing!
The red ugly thing is heavily wounded.
The red ugly thing tentacle-slaps you.
* * * LOW HITPOINT WARNING * * *
You are engulfed in flames!!
The fire burns you terribly!
* * * LOW HITPOINT WARNING * * *
You hit the red ugly thing.
The red ugly thing is heavily wounded.
You barely miss the red ugly thing.
The red ugly thing is heavily wounded.
The red ugly thing tentacle-slaps you!
You die...

##...............(### #.#
#.#####.#####.......###.###
.## #.# #.............# ##
#.# #......(###.#.# #<#
###...### #.#.# .# #...#
#.#.# .# #..## #.#.# #..#
#.#.# #.@# #.#.#
......)u.......#.#
######..####### #$.. ##.#
#.# #.# #.# ##


You could see a red ugly thing.

Vanquished Creatures
  Erica (D:8)
  Pikel (D:5)
  The ghost of junkhipster the Shield-Bearer, a novice GrFi (D:4)
  A troll (D:9)
  2 polar bears (D:9)
  3 yaks (D:9)
  A hippogriff (D:7)
  Menkaure (D:7)
  A sky beast (D:6)
  2 orc warriors
  An ice beast (D:8)
  A phantom (D:10)
  A black bear (D:5)
  2 necrophages (D:7)
  4 ogres
  4 centaurs
  2 wolves (D:9)
  The ghost of Aquadorian the Poker, an amateur MfGl of Makhleb (D:3)
  A big kobold (D:8)
  2 giant frogs
  3 scorpions (D:5)
  A water moccasin skeleton (D:9)
  5 killer bees (D:8)
  7 wights
  3 electric eels (D:9)
  A howler monkey (D:8)
  2 crimson imps
  2 giant frog zombies
  3 centaur zombies
  A giant frog skeleton (D:5)
  9 hounds
  2 jellies
  19 orc wizards
  7 orc priests
  Crazy Yiuf (D:3)
  5 iguanas
  Natasha (thrice) (D:3)
  6 worker ants
  2 killer bee zombies (D:8)
  2 giant frog simulacra (D:9)
  2 centaur simulacra (D:9)
  4 hound skeletons
  2 howler monkey zombies
  11 adders
  A gnoll (D:1)
  A shadow imp (D:6)
  5 white imps (D:9)
  An adder skeleton (D:9)
  An adder zombie (D:9)
  4 worms
  5 giant geckos
  32 orcs
  3 giant cockroaches
  7 goblins
  8 hobgoblins
  10 jackals
  10 kobolds
  4 quokkas
  6 bats
  4 giant newts
  2 jackal skeletons
  A quokka simulacrum (D:9)
  8 rats
  A fungus (D:3)
250 creatures vanquished.

Vanquished Creatures (others)
  An iguana (D:4)
1 creature vanquished.

Grand Total: 251 creatures vanquished

Notes
Turn   | Place    | Note
--------------------------------------------------------------
     0 | D:1      | rockintein the Minotaur Berserker began the quest for the Orb.
     0 | D:1      | Reached XP level 1. HP: 19/19 MP: 0/0
   157 | D:1      | Reached skill level 4 in Axes
   407 | D:1      | Reached XP level 2. HP: 25/27 MP: 1/1
   844 | D:1      | Reached XP level 3. HP: 23/33 MP: 2/2
  1114 | D:2      | Found an opulent altar of Gozag.
  1258 | D:2      | Reached ** piety under Trog
  2010 | D:3      | Noticed Natasha
  2014 | D:3      | Killed Natasha
  2014 | D:3      | Reached XP level 4. HP: 41/41 MP: 3/3
  2126 | D:3      | Reached skill level 5 in Axes
  2133 | D:3      | Noticed Aquadorian's ghost (amateur MfGl)
  2136 | D:3      | Noticed Natasha
  2143 | D:3      | Killed Natasha
  2144 | D:3      | Killed Aquadorian's ghost
  2144 | D:3      | Reached XP level 5. HP: 47/47 MP: 4/4
  2211 | D:3      | Noticed Natasha
  2217 | D:3      | Reached skill level 5 in Fighting
  2217 | D:3      | Reached skill level 6 in Axes
  2218 | D:3      | Killed Natasha
  2612 | D:3      | Reached XP level 6. HP: 56/56 MP: 5/5
  2787 | D:3      | Noticed Crazy Yiuf
  2794 | D:3      | Killed Crazy Yiuf
  2926 | D:4      | Found a staircase to the Ecumenical Temple.
  3127 | D:4      | Found an oddly glowing altar of Pakellas.
  3127 | D:4      | Noticed an orange crystal statue
  3517 | D:4      | Reached skill level 7 in Axes
  3517 | D:4      | Reached skill level 5 in Armour
  3595 | D:4      | Reached XP level 7. HP: 54/62 MP: 6/6
  3679 | D:4      | Found a burning altar of Makhleb.
  3832 | D:4      | Found a glowing silver altar of Zin.
  3832 | D:4      | Noticed a green death
  3832 | D:4      | Noticed an angel
  3969 | D:4      | Noticed junkhipster's ghost (novice GrFi)
  3978 | D:4      | Killed junkhipster's ghost
  3978 | D:4      | Reached skill level 8 in Axes
  4110 | D:5      | Entered Level 5 of the Dungeon
  4268 | D:5      | Reached XP level 8. HP: 69/71 MP: 7/7
  4278 | D:5      | Reached skill level 9 in Axes
  4371 | D:5      | Found a shattered altar of Ashenzari.
  4637 | D:5      | Found a stormy altar of Qazlal.
  4645 | D:5      | Found a blossoming altar of Fedhas.
  4718 | D:5      | Found a shattered altar of Ashenzari.
  4798 | D:5      | Noticed Pikel
  4813 | D:5      | Killed Pikel
  4813 | D:5      | Reached skill level 10 in Axes
  4901 | D:5      | Reached XP level 9. HP: 81/81 MP: 8/8
  5175 | D:6      | Reached *** piety under Trog
  5270 | D:6      | Found Zapuud's Distillery.
  5279 | D:6      | Bought a potion of mutation for 32 gold pieces
  5279 | D:6      | Bought a potion of agility for 52 gold pieces
  5563 | D:6      | Reached skill level 11 in Axes
  5731 | D:6      | Found a sparkling altar of Nemelex Xobeh.
  5838 | D:6      | Found an ancient bone altar of Kikubaaqudgha.
  6111 | D:7      | Noticed Menkaure
  6117 | D:7      | Killed Menkaure
  6460 | D:7      | Reached skill level 12 in Axes
  6677 | D:8      | Reached **** piety under Trog
  6689 | D:8      | Noticed Erica
  6706 | D:8      | Killed Erica
  6706 | D:8      | Reached XP level 10. HP: 69/92 MP: 9/9
  6906 | D:8      | Found a stormy altar of Qazlal.
  6940 | D:8      | Got a jewelled chain mail
  6951 | D:8      | Identified the +7 chain mail "Joromel" {Int+3 Dex+4} (You found it on level 8 of the Dungeon)
  7273 | D:9      | Reached skill level 10 in Fighting
  7326 | D:9      | Reached skill level 13 in Axes
  7602 | D:9      | Found a staircase to the Lair.
  7836 | D:9      | Reached ***** piety under Trog
  7869 | D:9      | Found a basalt altar of Yredelemnul.
  7881 | D:9      | Reached skill level 10 in Armour
  8233 | D:10     | Entered Level 10 of the Dungeon
  8405 | D:10     | Reached skill level 14 in Axes
  8462 | D:10     | Noticed a red ugly thing
  8473 | D:10     | HP: 3/141 [red ugly thing (34)]
  8475 | D:10     | Slain by a red ugly thing

Skill      XL: |  1  2  3  4  5  6  7  8  9 10 |
---------------+-------------------------------+-----
Axes           | 4 5 6 7 8 10 12 14 | 14.0
Armour         | 3 4 5 6 7 9 10 | 10.3
Fighting       | 4 5 6 8 9 10 | 10.8
Dodging        | |  2.1

Action                   |  1- 3 |  4- 6 |  7- 9 | 10-12 || total
-------------------------+-------+-------+-------+-------++-------
Melee: Hand axe          |    73 |       |       |       ||    73
       Headbutt          |    14 |    14 |    68 |    33 ||   129
       War axe           |    20 |    86 |   299 |    46 ||   451
       Battleaxe         |       |       |       |   126 ||   126
Invok: Berserk           |     1 |     3 |     4 |     2 ||    10
       Trog's Hand       |       |     1 |     5 |     1 ||     7
  Use: Scroll            |       |     6 |    11 |       ||    17
       Potion            |       |     6 |     1 |       ||     7
  Eat: Chunk             |     4 |     9 |     9 |     7 ||    29
       Meat ration       |       |       |     1 |       ||     1
Armor: Ring mail         |    36 |       |       |       ||    36
       Chain mail        |     4 |    55 |   138 |   130 ||   327
       Plate armour      |       |       |       |     9 ||     9
Dodge: Dodged            |    52 |    43 |   116 |    75 ||   286
Block: Other             |       |       |    14 |    23 ||    37
